 Dungeon Crawl Stone Soup version 0.31-a0-198-g2ad674f65e (webtiles) character file.

Game seed: 11899871361662362917

23 qw the Shooter (level 2, 0/16 HPs)
             Began as a Deep Elf Hunter on June 25, 2023.
             Succumbed to their own poison gas
             ... on level 1 of the Dungeon.
             The game lasted 00:00:16 (880 turns).

qw the Shooter (Deep Elf Hunter)                     Turns: 880, Time: 00:00:16

Health: 0/16       AC:  3    Str:  8    XL:     2   Next: 75%
Magic:  4/4        EV: 12    Int: 13    God:
Gold:   49         SH:  0    Dex: 18    Spells: 1/1 levels left

rFire   . . .        Y - +0 shortbow (freeze)
rCold   . . .        (shield currently unavailable)
rNeg    . . .        c - +0 leather armour
rPois   .            (no helmet)
rElec   .            (no cloak)
rCorr   .            (no gloves)
SInv    .            (no boots)
Will    .....        (no amulet)
Stlth   ++           (no ring)
HPRegen 0.22/turn    (no ring)
MPRegen 0.09/turn

%: no passive effects
@: lethally poisoned (0 -> -3), weak-willed
A: no striking features
a: no special abilities


You were on level 1 of the Dungeon.
You visited 1 branch of the dungeon, and saw 2 of its levels.

You collected 49 gold pieces.


   Skills:
 - Level 1.5 Fighting
 + Level 6.5 Ranged Weapons
 - Level 2.4 Dodging
 - Level 1.2 Stealth


You had one spell level left.
You didn't know any spells.
Your spell library was empty.

Inventory:

Hand Weapons
 Y - a +0 shortbow of freezing (weapon)
Armour
 c - a +0 leather armour (worn)
Scrolls
 a - 3 scrolls of enchant armour
Potions
 g - a potion of attraction {unknown}
 i - a potion of heal wounds

Dungeon Overview and Level Annotations

Branches:
Dungeon (2/15)

Altars:

Shops:
D:1 !


Message History

870 ||| DROPPING scroll of butterflies.
You drop a scroll of butterflies.
Done exploring.
871 ||| DROPPING 2 scrolls of vulnerability.
You drop 2 scrolls of vulnerability.
Done exploring.
(D) Dungeon
Where to? (* - list waypoints, ? - help)
What level of the Dungeon? (default 1, ? - help) Sorry, I don't know how to get there.
Enter note:
Enter note:
Enter note:
Enter note:
Enter note:
Enter note:
Enter note:
Enter note:
Enter note: Really walk into that cloud of poison gas?
You are engulfed in poison gas.
You are lethally poisoned!
You feel very sick.
873 ||| Stepping ~*~*~tactically~*~*~ (cloud).
You feel very sick.
Things that are here:
2 scrolls of vulnerability; a scroll of butterflies
There is a lethal amount of poison in your body!
You feel sick.
There is a lethal amount of poison in your body!
You feel sick.
There is a lethal amount of poison in your body!
You feel sick.
There is a lethal amount of poison in your body!
You feel sick.
There is a lethal amount of poison in your body!
You feel sick.
There is a lethal amount of poison in your body!
You feel sick.
There is a lethal amount of poison in your body!
You die...

...####.:........#
#.......##
#'##..'....#####.###.####.##
#.##..#....##.[......##....#
#.#7..##+#.....########.####
#.#.......##....¤0....#.#
..#\.7.#..##.###.#.##.#.#
#.####.#..##.###0#.#..#.#
.....#.#..##...#¤#.#.##.#
.##....#..##.###@#.#.##.#
.##.#..#.....#..¤0.#....#
.##.......###############
......#............#
###'###..#.#..####.# #.#.#
#....#.....#.# ....#
##.####.##.#.# .7..#
#.####%##.#.# 77#~#
#.......#.#.#


There were no monsters in sight!

Vanquished Creatures
  2 endoplasms (D:1)
  A goblin (D:1)
  3 hobgoblins
  A quokka (D:1)
  7 ball pythons (D:1)
  2 bats (D:1)
  3 kobolds
  3 rats (D:1)
22 creatures vanquished.

Notes
Turn   | Place    | Note
-------+----------+-------------------------------------------
     0 | D:1      | qw the Deep Elf Hunter began the quest for the Orb.
     0 | D:1      | Reached XP level 1. HP: 12/12 MP: 3/3
     0 | D:1      | 0 ||| qw: Version: 0.3-a-22-g0ed2b0b
     0 | D:1      | 0 ||| qw: Game counter: 4873
     0 | D:1      | 0 ||| qw: Melee chars always use a shield: true
     0 | D:1      | 0 ||| qw: God list: Okawaru
     0 | D:1      | 0 ||| qw: Allow faded altars: false
     0 | D:1      | 0 ||| qw: Do Orc after clearing Dungeon:15 true
     0 | D:1      | 0 ||| qw: Do second Lair branch before Depths: true
     0 | D:1      | 0 ||| qw: Lair rune preference: random
     0 | D:1      | 0 ||| qw: Goals: Normal
     0 | D:1      | 0 ||| PLANNING D:1-11
   146 | D:1      | Found Piomots's Distillery.
   152 | D:1      | 152 ||| SHOPLISTING 2 potions of heal wounds (140 gold,
                  | have 13).
   152 | D:1      | 152 ||| SHOPLISTING potion of heal wounds (70 gold, have
                  | 13).
   288 | D:1      | Found a faded altar of an unknown god.
   298 | D:1      | You fall into a shaft and drop 1 floor!
   312 | D:2      | Reached XP level 2. HP: 16/16 MP: 4/4
   345 | D:2      | 345 ||| FLEEEEING.
   348 | D:2      | Reached skill level 6 in Ranged Weapons
   350 | D:2      | 350 ||| STAIRDANCE
   865 | D:1      | 865 ||| READING 4 scrolls labelled YZINLO QUGHOT.
   866 | D:1      | 866 ||| READING scroll labelled XUECHU KEYPS.
   867 | D:1      | 867 ||| READING 3 scrolls labelled ORENECVICVU.
   868 | D:1      | 868 ||| READING scroll labelled VEACAECITA.
   869 | D:1      | 869 ||| DRINKING 2 sedimented amethyst potions.
   870 | D:1      | 870 ||| DROPPING scroll of butterflies.
   871 | D:1      | 871 ||| DROPPING 2 scrolls of vulnerability.
   873 | D:1      | 873 ||| Stepping ~*~*~tactically~*~*~ (cloud).
   876 | D:1      | HP: 3/16 [poisoned by you (poison gas)]
   879 | D:1      | HP: 1/16 [poisoned by you (poison gas)]
   880 | D:1      | Succumbed to their own poison gas

Levels and vault maps discovered:
D:1:      tarquinn_simple_flora_water_b, layout_basic, serial_shops,
          nicolae_shop_pleasant_corner_grove,
          ebering_ecumenical_altar_petrified, chequers_serial_rivers_micro_b,
          st_stairs_1
D:2:      layout_basic, basic_altar, minmay_liquid_box

Skill      XL: |  1  2 |
---------------+-------+-----
Ranged Weapons | 6 |  6.5
Fighting       | |  1.5
Dodging        | |  2.4
Stealth        | |  1.2

Action                     || total
---------------------------++-------
   Fire: Shortbow          ||    35
    Use: Scroll            ||     4
         Potion            ||     1
 Armour: Leather armour    ||     1
  Dodge: Dodged            ||     3

Table legend:
 A = Non-vault XP
 B = Vault XP
 C = Vault XP percentage of total XP
 D = Non-vault monster count
 E = Vault monster count
 F = Vault count percentage of total count
                 A         B        C        D         E       F
            +---------+---------+-------+---------+---------+-------
      Total |      28 |       6 |  17.6 |      19 |       3 |  13.6
            +---------+---------+-------+---------+---------+-------
        D:1 |      23 |       6 |  20.7 |      16 |       3 |  15.8
        D:2 |       5 |       0 |   0.0 |       3 |       0 |   0.0
            +---------+---------+-------+---------+---------+-------
